 Dungeon Crawl Stone Soup version 0.23.2-40-g277498a001 (webtiles) character file.

Game seed: 9594263023673765842

929 Descartes the Digger (level 8, -3/60 HPs)
             Began as a Formicid Wanderer on Aug 19, 2019.
             Slain by an ogre
             ... wielding a +0 giant club
              (20 damage)
             ... on level 5 of the Dungeon.
             The game lasted 00:19:33 (5728 turns).

Descartes the Digger (Formicid Wanderer)            Turns: 5728, Time: 00:19:34

Health: -3/60      AC:  6    Str: 15    XL:     8   Next: 32%
Magic:  1/13       EV: 12    Int: 14    God:
Gold:   189        SH:  0    Dex: 15    Spells: 7/13 levels left

rFire    . . .     SeeInvis +   a - +0 hand axe
rCold    . . .     Gourm    .   (no shield)
rNeg     . . .     Faith    .   x - +0 leather armour
rPois    .         Spirit   .   (helmet unavailable)
rElec    .         Reflect  .   r - +0 cloak
rCorr    .         Harm     .   (no gloves)
MR       .....                  u - +1 pair of boots
Stlth    ++........             (no amulet)
HPRegen  0.20/turn              m - ring of flight
MPRegen  0.13/turn              C - +3 ring of dexterity

@: very slightly contaminated
A: permanent stasis, dig shafts and tunnels, four strong arms, antennae 3
a: Dig, Shaft Self, Evoke Flight


You were on level 5 of the Dungeon.
You were not hungry.

You visited 2 branches of the dungeon, and saw 6 of its levels.

You collected 189 gold pieces.

Inventory:

Hand Weapons
 a - a +0 hand axe (weapon)
 e - a +0 dagger
 v - a +0 mace
 z - a +2 antimagic dagger
 L - a +1 flail of crushing
Missiles
 t - 5 needles of frenzy
 y - 9 javelins (quivered)
 B - 2 throwing nets
 H - 52 arrows
 I - 2 needles of sleeping
 J - 7 curare-tipped needles
Armour
 d - a +0 robe
 i - a +0 ring mail
 r - a +0 cloak (worn)
 u - a +1 pair of boots (worn)
 x - a +0 leather armour (worn)
 D - a +0 large shield
Jewellery
 m - a ring of flight (left hand)
 C - a +3 ring of dexterity (right hand)
Wands
 M - a wand of paralysis (5)
Scrolls
 g - a scroll of fear {unknown}
 h - 7 scrolls of teleportation {unknown}
 j - 7 scrolls of identify {unknown}
 l - 3 scrolls of magic mapping {unknown}
 o - a scroll of fog {unknown}
 p - 4 scrolls of immolation {unknown}
 q - a scroll of enchant weapon {unknown}
 w - a scroll of remove curse {unknown}
 F - a scroll of random uselessness {unknown}
 K - a scroll of amnesia {unknown}
Potions
 c - a potion of curing
 k - a potion of flight {unknown}
 n - 3 potions of might {unknown}
 s - a potion of brilliance {unknown}
 A - a potion of heal wounds {unknown}
 E - a potion of resistance {unknown}
 G - a potion of degeneration {unknown}
Comestibles
 f - 6 rations
 N - 3 chunks of flesh


   Skills:
 + Level 4.2 Fighting
 + Level 3.2 Axes
 + Level 3.2 Armour
 + Level 2.5 Dodging
 - Level 2.4 Stealth
 * Level 0.5 Shields
 + Level 3.3 Spellcasting
 + Level 1.7 Conjurations
 + Level 3.1 Transmutations
 + Level 5.3 Earth Magic
   Level 1.3 Poison Magic


You had 7 spell levels left.
You knew the following spells:

 Your Spells              Type           Power        Failure   Level  Hunger
a - Sandblast             Erth           ###...       2%          1    #......
b - Passwall              Tmut/Erth      ##......     7%          2    ##.....
c - Stone Arrow           Conj/Erth      ##....       19%         3    ###....

Your spell library contained the following spells:

 Spells                   Type           Power        Failure   Level  Hunger
 Petrify                  Tmut/Erth      ##......     41%         4    #####..
 Lee's Rapid Deconstruct  Erth           ###.......   61%         5    ######.


Dungeon Overview and Level Annotations

Branches:
Dungeon (5/15)             Temple (1/1) D:4

Altars:
Ashenzari
Dithmenos
Elyvilon
Fedhas
Gozag
Hepliaklqana
Makhleb
Nemelex Xobeh
Okawaru
Sif Muna
Trog
Uskayaw
Vehumet
Yredelemnul
Zin
The Shining One

Shops:
D:4 =

Annotations:
D:4 Menkaure


Innate Abilities, Weirdness & Mutations

You cannot be hasted, slowed, berserked, paralysed or teleported.
You can dig through walls and to a lower floor.
Your four strong arms can wield two-handed weapons with a shield.
You have a pair of large antennae on your head. (SInv)


Message History

Press: ? - help, Shift-Dir - straight line, f/p - ogre
Aim: an ogre, wielding a +0 giant club (moderately wounded)
The stone arrow misses the ogre.
Casting: Stone Arrow (safe; 19% risk of failure)
Confirm with . or Enter, or press ? or * to list all spells.
Aiming: Stone Arrow (safe; 19% risk of failure)
Press: ? - help, Shift-Dir - straight line, f/p - ogre
Aim: an ogre, wielding a +0 giant club (moderately wounded)
The stone arrow hits the ogre!
The ogre is severely wounded.
The ogre hits you with a +0 giant club!
You completely miss the ogre.
The ogre is severely wounded.
The ogre hits you with a +0 giant club!!
* * * LOW HITPOINT WARNING * * *
You hear a shout!
You barely miss the ogre.
The ogre is severely wounded.
The ogre hits you with a +0 giant club!!
You die...

#......|# #..
#.......# ....
##.###.## ##..## #.#
#.# #.... #.###.#
###...##### #.{<..#
.........# #.#####
.## #..###.###.#
.....####......O@..#
O...>.......##.#####
####.####..###.#
#...........#
#############


You could see an ogre.

Vanquished Creatures
  Edmund (D:4)
  An ice beast (D:4)
  A phantom (D:4)
  An ogre (D:4)
  A howler monkey (D:4)
  A crimson imp (D:5)
  3 hounds
  An orc priest (D:2)
  Natasha (thrice) (D:2)
  2 orc wizards
  2 worker ants (D:4)
  7 adders
  A shadow imp (D:5)
  2 oozes
  4 worms
  2 dart slugs (D:1)
  A leopard gecko (D:2)
  11 orcs
  8 bats
  5 giant cockroaches
  9 goblins
  3 hobgoblins
  3 jackals
  A quokka (D:3)
  7 frilled lizards
  A jackal skeleton (D:4)
  10 kobolds
  2 quokka skeletons (D:4)
  3 rats
97 creatures vanquished.

Notes
Turn   | Place    | Note
-------+----------+-------------------------------------------
     0 | D:1      | Descartes the Formicid Wanderer began the quest for the
                  | Orb.
     0 | D:1      | Descartes set off with the following items: a +0 hand axe,
                  | a potion of curing, a +0 robe, a +0 dagger, a ration; and
                  | the following spell memorised: Sandblast; and the following
                  | spells available to memorise: Passwall, Stone Arrow,
                  | Petrify, Lee's Rapid Deconstruction
     0 | D:1      | Reached XP level 1. HP: 16/16 MP: 2/2
   483 | D:1      | Reached XP level 2. HP: 23/23 MP: 0/3
   816 | D:1      | Reached XP level 3. HP: 28/28 MP: 1/5
  1036 | D:1      | Reached skill level 4 in Earth Magic
  1164 | D:1      | Reached skill level 1 in Armour
  1351 | D:1      | Learned a level 2 spell: Passwall
  1356 | D:2      | Noticed Natasha
  1364 | D:2      | Killed Natasha
  1364 | D:2      | Reached skill level 1 in Dodging
  1364 | D:2      | Reached XP level 4. HP: 34/34 MP: 0/6
  1421 | D:2      | Noticed Natasha
  1430 | D:2      | Killed Natasha
  1432 | D:2      | Noticed Natasha
  1525 | D:2      | Killed Natasha
  1525 | D:2      | Reached skill level 1 in Transmutations
  1525 | D:2      | Reached XP level 5. HP: 7/40 MP: 4/7
  2229 | D:2      | Reached XP level 6. HP: 20/47 MP: 1/9
  3127 | D:3      | Found a burning altar of Makhleb.
  3639 | D:3      | Learned a level 3 spell: Stone Arrow
  3716 | D:4      | Noticed an ogre
  3719 | D:4      | Killed an ogre
  3719 | D:4      | Reached XP level 7. HP: 52/52 MP: 6/10
  3785 | D:4      | Noticed Edmund
  3850 | D:4      | Killed Edmund
  3986 | D:4      | Reached skill level 5 in Earth Magic
  3991 | D:4      | Noticed Menkaure
  3992 | D:4      | Reached skill level 1 in Conjurations
  4329 | D:4      | Found a staircase to the Ecumenical Temple.
  4341 | Temple   | Entered the Ecumenical Temple
  4762 | D:4      | Reached XP level 8. HP: 53/60 MP: 4/12
  4838 | D:4      | Found Suodale's Jewellery Emporium.
  5000 | D:5      | Entered Level 5 of the Dungeon
  5728 | D:5      | Slain by an ogre

Skill      XL: |  1  2  3  4  5  6  7  8 |
---------------+-------------------------+-----
Earth Magic    | 4 5 |  5.3
Armour         | 1 2 3 |  3.2
Dodging        | 1 2 |  2.5
Transmutations | 1 2 3 |  3.1
Spellcasting   | 2 3 |  3.3
Fighting       | 3 4 |  4.2
Axes           | 2 3 |  3.2
Conjurations   | 1 |  1.7
Stealth        | |  2.4
Shields        | |  0.5
Poison Magic   | |  1.3

Action                   |  1- 3 |  4- 6 |  7- 9 || total
-------------------------+-------+-------+-------++-------
Melee: Hand axe          |    17 |    41 |    55 ||   113
 Cast: Sandblast         |    37 |    72 |    62 ||   171
       Stone Arrow       |       |       |    11 ||    11
 Abil: Dig               |       |       |     1 ||     1
  Eat: Chunk             |     2 |     9 |     6 ||    17
       Ration            |       |       |     1 ||     1
Armor: Robe              |     7 |       |       ||     7
       Ring mail         |     1 |     8 |       ||     9
       Leather armour    |       |    17 |    27 ||    44
Dodge: Dodged            |    12 |    46 |    63 ||   121
